 Dungeon Crawl Stone Soup version 0.23-a0-143-g1adec7b (webtiles) character file.

6191 nubinia the Magician (level 10, -1/75 HPs)
             Began as a Gnoll Air Elementalist on Sept 2, 2018.
             Was a Priest of Sif Muna.
             Slain by a wolf (12 damage)
             ... on level 2 of the Lair of Beasts.
             The game lasted 00:41:51 (11492 turns).

nubinia the Magician (Gnoll Air Elementalist)      Turns: 11492, Time: 00:41:53

Health: -1/75      AC:  3    Str: 11    XL:     10   Next: 91%
Magic:  18/21      EV: 17    Int: 20    God:    Sif Muna [***...]
Gold:   438        SH:  0    Dex: 16    Spells: 13/24 levels left

rFire    . . .     SeeInvis .   v - +1 hand axe (elec)
rCold    . . .     Gourm    .   (no shield)
rNeg     + . .     Faith    .   a - +0 robe
rPois    .         Spirit   .   (no helmet)
rElec    .         Reflect  .   (no cloak)
rCorr    .         Harm     .   p - +0 pair of gloves
MR       .....                  (no boots)
Stlth    +++++.....             (no amulet)
HPRegen  0.22/turn              d - ring of stealth
MPRegen  0.17/turn              g - ring of positive energy

@: divine energy
A: distributed training, fangs 1, strong nose
a: Stop Divine Energy, Channel Magic, Renounce Religion


You were on level 2 of the Lair of Beasts.
You worshipped Sif Muna.
Sif Muna was most pleased with you.
You were very hungry.

You visited 3 branches of the dungeon, and saw 11 of its levels.

You collected 438 gold pieces.

Inventory:

Hand Weapons
 b - a +0 blowgun
 i - a +1 short sword of venom
 v - a +1 hand axe of electrocution (weapon)
 w - a +2 dagger of draining
 C - a +3 war axe of freezing
Missiles
 J - 15 poisoned needles
Armour
 a - a +0 robe (worn)
 p - a +0 pair of gloves (worn)
Jewellery
 d - a ring of stealth (left hand)
 g - a ring of positive energy (right hand)
Wands
 u - a wand of random effects (7)
 B - a wand of paralysis (26)
 F - a wand of clouds (5)
 M - a wand of scattershot (5)
Scrolls
 e - a scroll of magic mapping {unknown}
 h - 2 scrolls of amnesia
 k - a scroll of fog {unknown}
 q - 4 scrolls of remove curse
 r - 3 scrolls of identify
 s - a scroll of random uselessness {unknown}
 y - 2 scrolls of noise {unknown}
 A - 2 scrolls of teleportation
 D - a scroll of enchant armour {unknown}
 H - a scroll of enchant weapon {unknown}
 L - a scroll of blinking
Potions
 f - 2 potions of flight
 j - a potion of agility {unknown}
 l - 3 potions of might
 m - 4 potions of curing
 n - 2 potions of haste {unknown}
 o - a potion of cancellation {unknown}
 t - a potion of brilliance {unknown}
 x - a potion of ambrosia {unknown}
 z - 3 potions of heal wounds {unknown}
 E - 3 potions of lignification {unknown}
 G - 2 potions of mutation {unknown}
 I - a potion of invisibility {unknown}
 K - 2 potions of degeneration {unknown}
 N - a potion of resistance {unknown}
Comestibles
 c - 16 rations


   Skills:
 + Level 5.6 Fighting
 + Level 5.6 Short Blades
 + Level 5.6 Long Blades
 + Level 5.6 Axes
 + Level 5.6 Maces & Flails
 + Level 5.6 Polearms
 + Level 5.6 Staves
 + Level 5.6 Slings
 + Level 5.6 Bows
 + Level 5.6 Crossbows
 + Level 5.6 Throwing
 + Level 5.6 Armour
 + Level 7.3 Dodging
 + Level 7.1 Stealth
 + Level 5.6 Shields
 + Level 5.6 Unarmed Combat
 + Level 7.6 Spellcasting
 + Level 5.1 Conjurations
 + Level 4.6 Hexes
 + Level 4.6 Charms
 + Level 4.6 Summonings
 + Level 4.6 Necromancy
 + Level 4.6 Translocations
 + Level 4.6 Transmutations
 + Level 4.6 Fire Magic
 + Level 4.6 Ice Magic
 + Level 7.2 Air Magic
 + Level 4.6 Earth Magic
 + Level 4.6 Poison Magic
 + Level 6.2 Invocations
 + Level 5.6 Evocations


You had 13 spell levels left.
You knew the following spells:

 Your Spells              Type           Power        Failure   Level  Hunger
a - Shock                 Conj/Air       ####         1%          1    None
b - Static Discharge      Conj/Air       ####....     1%          3    None
c - Airstrike             Air            #####.....   4%          4    ###....
d - Magic Dart            Conj           ####         1%          1    None
s - Swiftness             Chrm/Air       ####....     1%          2    None

Your spell library contained the following spells:

 Spells                   Type           Power        Failure   Level  Hunger
 Searing Ray              Conj           ####..       1%          2    None
 Dazzling Spray           Conj/Hex       ####..       3%          3    None
 Iskenderun's Mystic Bla  Conj           ####....     11%         4    ###....
 Force Lance              Conj/Tloc      ####....     12%         4    ###....
 Fulminant Prism          Conj/Hex       ####......   12%         4    ###....
 Lightning Bolt           Conj/Air       ####......   19%         5    #####..


Dungeon Overview and Level Annotations

Branches:
Dungeon (8/15)             Temple (1/1) D:4            Lair (2/6) D:8
  Swamp: Lair:2-4    Shoals: Lair:2-4     Snake: Lair:2-4    Spider: Lair:2-4

Altars:
Elyvilon
Gozag
Hepliaklqana
Qazlal
Sif Muna
Trog
Uskayaw
Xom

Annotations:
D:2 Sigmund
D:8 death yaks!, exclusions: 2 death yaks and 3 doors
Lair:2 2 runed doors, Arum's ghost, journeyman FoVM


Innate Abilities, Weirdness & Mutations

Your experience applies equally to all skills.
You have very sharp teeth.
Your uncanny sense of smell can sniff out nearby items.


Message History

Lightning courses through the wolf! The wolf bites you.
The wolf barely misses you. The wolf bites you. x2
* * * LOW HITPOINT WARNING * * *
The wolf bites you.
* * * LOW HITPOINT WARNING * * *
You barely miss the wolf. Your bite misses the wolf.
The wolf is severely wounded.
You hit the wolf. You barely miss the wolf. The wolf bites you.
* * * LOW HITPOINT WARNING * * *
The wolf barely misses you. x2; The wolf bites you.
* * * LOW HITPOINT WARNING * * *
Unknown command.
You hit the wolf. Lightning courses through the wolf!
You kill the wolf!
Sif Muna accepts your kill.
You barely miss the wolf. You hit the wolf but do no damage.
The wolf bites you.
* * * LOW HITPOINT WARNING * * *
The wolf closely misses you. The wolf bites you!
You die...

.. #...............#
.. ##..............##
..##P..............#
..PP....#####..#...##
.......P..##P......P#
...................##
...(...............(#
.PP###..##P......h..#
..# ##..##....#@†.##
. #...#....h##.#
#..#.....P##.#
#..##....###h#
#........###.##
#.##P#........#
###........#
#........##
##.P.#.F..#


You could see 2 wolves.

Vanquished Creatures
  A hydra (Lair:1)
  2 spiny frogs
  A rime drake (Lair:1)
  3 blink frogs (Lair:1)
  A spriggan (D:8)
  A wyvern (D:8)
  A hungry ghost (D:8)
  2 water moccasins (Lair:1)
  3 porcupines
  2 orc warriors (D:6)
  An ice beast (D:8)
  A sky beast (D:5)
  An eye of draining (D:8)
  A black bear (D:6)
  2 phantoms
  4 wolves (Lair:2)
  3 ogres (D:4)
  A centaur (D:8)
  3 crocodiles (Lair:1)
  2 big kobolds
  3 bullfrogs
  A wyvern skeleton (D:7)
  6 killer bees
  3 scorpions
  3 wights (D:6)
  A crimson imp (D:7)
  A centaur zombie (D:8)
  A hound (D:4)
  An orc priest (D:6)
  A jelly (D:8)
  5 orc wizards
  A bullfrog skeleton (D:5)
  3 worker ants (D:8)
  3 iguanas
  Terence (D:2)
  4 gnolls (D:5)
  8 adders
  A shadow imp (D:8)
  An adder skeleton (D:7)
  A dart slug (D:3)
  6 leopard geckos
  18 orcs
  A ball python (D:6)
  5 giant cockroaches
  A goblin (D:1)
  9 hobgoblins
  13 jackals
  16 kobolds
  5 quokkas
  5 bats
  7 frilled lizards
  A quokka skeleton (D:4)
  9 rats
181 creatures vanquished.

Vanquished Creatures (others)
  8 fungi (Lair:2)
  3 plants (Lair:2)
11 creatures vanquished.

Grand Total: 192 creatures vanquished

Notes
Turn   | Place    | Note
-------+----------+-------------------------------------------
     0 | D:1      | nubinia the Gnoll Air Elementalist began the quest for the
                  | Orb.
     0 | D:1      | Reached XP level 1. HP: 13/13 MP: 6/6
    77 | D:1      | Reached XP level 2. HP: 19/19 MP: 2/7
   137 | D:1      | Learned a level 2 spell: Swiftness
   690 | D:1      | Reached XP level 3. HP: 25/25 MP: 7/9
   748 | D:1      | Reached skill level 5 in Spellcasting
  1166 | D:2      | Reached skill level 1 in Invocations
  1218 | D:2      | Noticed Sigmund
  1233 | D:2      | Reached skill level 1 in Fighting
  1233 | D:2      | Reached skill level 1 in Short Blades
  1233 | D:2      | Reached skill level 1 in Long Blades
  1233 | D:2      | Reached skill level 1 in Axes
  1233 | D:2      | Reached skill level 1 in Maces & Flails
  1233 | D:2      | Reached skill level 1 in Polearms
  1233 | D:2      | Reached skill level 1 in Staves
  1233 | D:2      | Reached skill level 1 in Slings
  1233 | D:2      | Reached skill level 1 in Bows
  1233 | D:2      | Reached skill level 1 in Crossbows
  1233 | D:2      | Reached skill level 1 in Throwing
  1233 | D:2      | Reached skill level 1 in Armour
  1233 | D:2      | Reached skill level 1 in Shields
  1233 | D:2      | Reached skill level 1 in Unarmed Combat
  1233 | D:2      | Reached skill level 1 in Evocations
  1233 | D:2      | Reached XP level 4. HP: 32/32 MP: 4/11
  1820 | D:2      | Noticed Terence
  1826 | D:2      | Killed Terence
  1826 | D:2      | Reached skill level 1 in Hexes
  1826 | D:2      | Reached skill level 1 in Charms
  1826 | D:2      | Reached skill level 1 in Summonings
  1826 | D:2      | Reached skill level 1 in Necromancy
  1826 | D:2      | Reached skill level 1 in Translocations
  1826 | D:2      | Reached skill level 1 in Transmutations
  1826 | D:2      | Reached skill level 1 in Fire Magic
  1826 | D:2      | Reached skill level 1 in Ice Magic
  1826 | D:2      | Reached skill level 1 in Earth Magic
  1826 | D:2      | Reached skill level 1 in Poison Magic
  2107 | D:3      | Learned a level 3 spell: Static Discharge
  2112 | D:3      | Learned a level 4 spell: Airstrike
  2143 | D:3      | Reached XP level 5. HP: 37/37 MP: 5/12
  2207 | D:3      | Found a white marble altar of Elyvilon.
  2382 | D:3      | Found a hazy altar of Hepliaklqana.
  2907 | D:4      | Found a staircase to the Ecumenical Temple.
  2931 | Temple   | Entered the Ecumenical Temple
  2950 | Temple   | Became a worshipper of Sif Muna the Loreminder
  3065 | D:4      | Noticed an ogre
  3073 | D:4      | Found a hide-covered altar of Uskayaw.
  3073 | D:4      | Noticed an ogre
  3097 | D:4      | Killed an ogre
  3190 | D:4      | Noticed an ogre
  3203 | D:4      | Killed an ogre
  3203 | D:4      | Reached XP level 6. HP: 37/44 MP: 4/14
  3285 | D:4      | Reached skill level 5 in Dodging
  3435 | D:4      | Found a bloodstained altar of Trog.
  3745 | D:5      | Entered Level 5 of the Dungeon
  3806 | D:5      | Reached XP level 7. HP: 45/50 MP: 9/15
  3936 | D:5      | Found an opulent altar of Gozag.
  4397 | D:5      | Reached skill level 5 in Stealth
  4775 | D:6      | Found a stormy altar of Qazlal.
  4906 | D:6      | Reached XP level 8. HP: 53/57 MP: 4/16
  5267 | D:6      | Reached * piety under Sif Muna
  6773 | D:7      | Found a shimmering altar of Xom.
  6951 | D:6      | Reached XP level 9. HP: 37/65 MP: 11/18
  7231 | D:7      | Found an opulent altar of Gozag.
  8135 | D:8      | Learned a level 1 spell: Magic Dart
  8278 | D:8      | Reached ** piety under Sif Muna
  8544 | D:8      | Noticed a death yak
  8556 | D:8      | Noticed a death yak
  8800 | D:8      | Noticed a death yak
  8801 | D:8      | Noticed a death yak
  8801 | D:8      | Noticed a death yak
  8801 | D:8      | Noticed a death yak
  8801 | D:8      | Noticed a death yak
  8980 | D:8      | Reached skill level 5 in Invocations
  9380 | D:8      | Found a staircase to the Lair.
  9399 | Lair:1   | Entered Level 1 of the Lair of Beasts
  9441 | Lair:1   | Reached XP level 10. HP: 29/73 MP: 11/20
  9644 | Lair:1   | Noticed an eight-headed hydra
 10042 | Lair:1   | Noticed a spiny frog
 10185 | Lair:1   | Reached skill level 5 in Fighting
 10185 | Lair:1   | Reached skill level 5 in Short Blades
 10185 | Lair:1   | Reached skill level 5 in Long Blades
 10185 | Lair:1   | Reached skill level 5 in Axes
 10185 | Lair:1   | Reached skill level 5 in Maces & Flails
 10185 | Lair:1   | Reached skill level 5 in Polearms
 10185 | Lair:1   | Reached skill level 5 in Staves
 10185 | Lair:1   | Reached skill level 5 in Slings
 10185 | Lair:1   | Reached skill level 5 in Bows
 10185 | Lair:1   | Reached skill level 5 in Crossbows
 10185 | Lair:1   | Reached skill level 5 in Throwing
 10185 | Lair:1   | Reached skill level 5 in Armour
 10185 | Lair:1   | Reached skill level 5 in Shields
 10185 | Lair:1   | Reached skill level 5 in Unarmed Combat
 10185 | Lair:1   | Reached skill level 5 in Evocations
 10361 | Lair:1   | Killed a spiny frog
 10555 | Lair:1   | Killed an eight-headed hydra
 10640 | Lair:2   | Found a runed gate.
 10641 | Lair:2   | Found a runed gate.
 10641 | Lair:2   | Noticed Arum's ghost (journeyman FoVM)
 10935 | Lair:1   | Reached skill level 5 in Conjurations
 11164 | Lair:2   | Noticed a spiny frog
 11172 | Lair:2   | Killed a spiny frog
 11172 | Lair:2   | Reached *** piety under Sif Muna
 11483 | Lair:2   | Noticed a spiny frog
 11492 | Lair:2   | Slain by a wolf

Vault maps used:
D:1:      dpeg_arrival_refuge, minmay_misc_feat_chi
D:2:      minmay_misc_feat_square, uniq_sigmund, uniq_terence
D:3:      overflow_temple_1_default, nicolae_overflow_crystal_walls
D:4:      overflow_temple_1_default, lightli_temple_of_fire,
          minmay_temple_entry_overgrown
D:5:      first_ration, nicolae_gozag_seed_capital
D:6:      overflow_temple_1_default
D:7:      lemuel_doored_altar, old_standard_altar, serial_glass,
          glass_columns_b, glass_columns_a
D:8:      dpeg_lair_monsters, the_bakery
Temple:   regret_index_temple_generic_petals
Lair:2:   elwin_shoals_entry_rooms, ebering_ghost_rock_garden, uniq_harold

Skill      XL: |  1  2  3  4  5  6  7  8  9 10 |
---------------+-------------------------------+-----
Conjurations   | 2 3 4 5 |  5.1
Spellcasting   | 5 6 7 |  7.6
Invocations    | 1 2 3 4 5 6 |  6.2
Fighting       | 1 2 3 4 5 |  5.6
Short Blades   | 1 2 3 4 5 |  5.6
Long Blades    | 1 2 3 4 5 |  5.6
Axes           | 1 2 3 4 5 |  5.6
Maces & Flails | 1 2 3 4 5 |  5.6
Polearms       | 1 2 3 4 5 |  5.6
Staves         | 1 2 3 4 5 |  5.6
Slings         | 1 2 3 4 5 |  5.6
Bows           | 1 2 3 4 5 |  5.6
Crossbows      | 1 2 3 4 5 |  5.6
Throwing       | 1 2 3 4 5 |  5.6
Armour         | 1 2 3 4 5 |  5.6
Shields        | 1 2 3 4 5 |  5.6
Unarmed Combat | 1 2 3 4 5 |  5.6
Evocations     | 1 2 3 4 5 |  5.6
Hexes          | 1 2 3 4 |  4.6
Charms         | 1 2 3 4 |  4.6
Summonings     | 1 2 3 4 |  4.6
Necromancy     | 1 2 3 4 |  4.6
Translocations | 1 2 3 4 |  4.6
Transmutations | 1 2 3 4 |  4.6
Fire Magic     | 1 2 3 4 |  4.6
Ice Magic      | 1 2 3 4 |  4.6
Earth Magic    | 1 2 3 4 |  4.6
Poison Magic   | 1 2 3 4 |  4.6
Dodging        | 5 6 7 |  7.3
Stealth        | 5 6 7 |  7.1
Air Magic      | 6 7 |  7.2

Action                   |  1- 3 |  4- 6 |  7- 9 | 10-12 || total
-------------------------+-------+-------+-------+-------++-------
Melee: Short sword       |     8 |    13 |     6 |       ||    27
       Hand axe          |       |     9 |    48 |     5 ||    62
       Bite              |       |     3 |    14 |     1 ||    18
       Punch             |       |       |     1 |       ||     1
       War axe           |       |       |    37 |       ||    37
       Dagger            |       |       |    51 |    10 ||    61
 Cast: Shock             |    56 |    74 |   216 |    35 ||   381
       Airstrike         |       |     4 |    30 |    26 ||    60
       Swiftness         |       |       |     1 |       ||     1
       Magic Dart        |       |       |    15 |       ||    15
       Static Discharge  |       |       |       |     7 ||     7
Invok: Divine Energy     |       |       |     1 |       ||     1
Evoke: Wand              |       |       |       |     1 ||     1
  Use: Potion            |     1 |       |       |       ||     1
       Scroll            |     1 |     2 |     2 |     2 ||     7
 Stab: Sleeping          |     1 |     3 |     3 |     2 ||     9
  Eat: Chunk             |     1 |     8 |    16 |     9 ||    34
       Ration            |       |       |     3 |       ||     3
Armor: Robe              |     1 |     1 |    17 |     3 ||    22
Dodge: Dodged            |     6 |    19 |   117 |    35 ||   177

Table legend:
 A = Non-vault XP
 B = Vault XP
 C = Vault XP percentage of total XP
 D = Non-vault monster count
 E = Vault monster count
 F = Vault count percentage of total count
                 A         B        C        D         E       F
            +---------+---------+-------+---------+---------+-------
      Total |    8584 |     261 |   3.0 |     179 |       2 |   1.1
            +---------+---------+-------+---------+---------+-------
        D:1 |      45 |       0 |   0.0 |      26 |       0 |   0.0
        D:2 |      77 |      32 |  29.4 |      20 |       1 |   4.8
        D:3 |      29 |       0 |   0.0 |      15 |       0 |   0.0
        D:4 |     409 |       0 |   0.0 |       7 |       0 |   0.0
        D:5 |     500 |       0 |   0.0 |      14 |       0 |   0.0
        D:6 |    1081 |       0 |   0.0 |      22 |       0 |   0.0
        D:7 |     661 |       0 |   0.0 |      18 |       0 |   0.0
        D:8 |    1307 |     229 |  14.9 |      37 |       1 |   2.6
     Lair:1 |    3474 |       0 |   0.0 |      14 |       0 |   0.0
     Lair:2 |    1001 |       0 |   0.0 |       6 |       0 |   0.0
            +---------+---------+-------+---------+---------+-------
